 Dungeon Crawl Stone Soup version 0.30-a0-371-gad7725a93e (webtiles) character file.

Game seed: 1241980290935385130

694 cowcol the Chopper (level 7, 0/60 HPs)
             Began as a Black Draconian Berserker on Nov 22, 2022.
             Was a Priest of Trog.
             Slain by Pikel
             ... wielding a +1 whip of flaming
              (8 damage)
             ... on level 5 of the Dungeon.
             The game lasted 00:19:29 (4272 turns).

cowcol the Chopper (Black Draconian Berserker)      Turns: 4272, Time: 00:19:30

Health: 0/60       AC:  7    Str: 21    XL:     7   Next: 37%
Magic:  7/7        EV: 13    Int:  7    God:    Trog [***...]
Gold:   238        SH:  0    Dex: 11    Spells: 6/6 levels left

rFire   . . .      SeeInvis .    l - +0 broad axe
rCold   . . .      Faith    .    (no shield)
rNeg    . . .      Spirit   .    (body armour unavailable)
rPois   .          Reflect  .    (helmet restricted)
rElec   +          Harm     .    (no cloak)
rCorr   .          Rampage  .    (no gloves)
Will    .....                    h - +0 pair of boots
Stlth   ++........               (no amulet)
HPRegen 0.30/turn                (no ring)
MPRegen 0.10/turn                (no ring)

@: no status effects
A: breathe lightning, AC +6, unfitting armour, electricity resistance,
cold-blooded
a: Breathe Lightning, Renounce Religion, Berserk, Trog's Hand


You were on level 5 of the Dungeon.
You worshipped Trog.
Trog was most pleased with you.
You visited 1 branch of the dungeon, and saw 5 of its levels.

You collected 278 gold pieces.
You spent 40 gold pieces at shops.

Inventory:

Hand Weapons
 a - a +0 hand axe
 c - a +0 whip
 d - a +0 short sword
 g - a +0 mace
 l - a +0 broad axe (weapon)
 n - a +0 dagger
 s - a +0 flail
 u - a +3 sling
Missiles
 m - 25 stones (quivered)
 r - 9 large rocks
Armour
 h - a +0 pair of boots (worn)
Jewellery
 j - a ring of fire
Wands
 o - a wand of charming (11)
 x - a wand of acid (8)
Scrolls
 b - a scroll of blinking
 t - a scroll of magic mapping {unknown}
 w - a scroll of teleportation
 y - a scroll of poison {unknown}
 z - a scroll of vulnerability {unknown}
 D - 2 scrolls of identify
Potions
 e - 2 potions of lignification
 f - a potion of ambrosia {unknown}
 i - 3 potions of curing
 k - a potion of attraction {unknown}
 p - a potion of flight
 q - a potion of heal wounds {unknown}
 v - a potion of magic {unknown}
 A - a potion of berserk rage {unknown}
 B - a potion of degeneration {unknown}
 C - 2 potions of might {unknown}


   Skills:
 + Level 4.9 Fighting
 + Level 6.6 Axes
 + Level 1.1 Throwing
 + Level 3.9 Dodging
 + Level 2.1 Stealth


You had 6 spell levels left.
You didn't know any spells.
Your spell library contained the following spells:

 Spells                   Type           Power      Damage    Failure   Level
 Apportation              Tloc           0%         N/A       43%         1
 Necrotise                Necr           0%         1d4       43%         1
 Summon Small Mammal      Summ           0%         N/A       43%         1
 Blink                    Tloc           0%         N/A       56%         2
 Momentum Strike          Conj/Tloc      0%         3d8       56%         2
 Lesser Beckoning         Tloc           0%         N/A       80%         3


Dungeon Overview and Level Annotations

Branches:
Dungeon (5/15)
 Temple: D:4-7

Altars:
Nemelex Xobeh
Ru

Shops:
D:5 *

Annotations:
D:5 Pikel


Innate Abilities, Weirdness & Mutations

You can breathe wild blasts of lightning.
Your glossy black scales are hard. (AC +6)
You cannot fit into any form of body armour.
You are resistant to electric shocks. (rElec)
You are cold-blooded and may be slowed by cold attacks.


Message History

Pikel burns you. The lemure hits you. The lemure hits you!
The lemure completely misses you. The lemure hits you.
* * * LOW HITPOINT WARNING * * *
Okay, then.
You feel better. The lemure hits you but does no damage.
The lemure completely misses you.
Pikel hits you with a +1 whip of flaming.
Pikel burns you. The lemure completely misses you. The lemure hits you.
You barely miss Pikel.
Pikel is lightly wounded.
You hit the lemure. x2
You kill the lemure!
That felt strangely unrewarding.
You barely miss the lemure. You closely miss the lemure.
The lemure hits you but does no damage. Pikel hits you but does no damage.
The lemure hits you. The lemure hits you but does no damage.
You slash Pikel!
Pikel is moderately wounded.
You hit the lemure. You miss the lemure. You closely miss the lemure.
The lemure hits you. Pikel hits you but does no damage.
The lemure hits you but does no damage. x2
You slash Pikel!
Pikel is severely wounded.
You slash the lemure!
You kill the lemure!
That felt strangely unrewarding.
You barely miss the lemure. You slash the lemure!
You feel less wooden.
Your +0 pair of boots unmelds from your body.
The lemure hits you.
* * * LOW HITPOINT WARNING * * *
Pikel hits you with a +1 whip of flaming.
* * * LOW HITPOINT WARNING * * *
Pikel burns you.
* * * LOW HITPOINT WARNING * * *
The lemure hits you.
* * * LOW HITPOINT WARNING * * *
The lemure hits you but does no damage. x2
Pikel hits you with a +1 whip of flaming!
You die...

#...## ###..# ##.##
#..######## #.........# .
#.........# ########..
#......†..####.........
#..#.......≈...55........
#..#.......≈...@K........
#.####...≈≈≈≈....[.#####
#. .......≈.......#
#...#...≈.......#
###+#+≈≈≈.......#
#.....#.....#
#_#...#.....#
###...#####.. #... #..


You could see Pikel and 2 lemures.

Vanquished Creatures
  Prince Ribbit (D:5)
  An ice beast (D:5)
  2 lemures (D:5)
  A scorpion (D:5)
  2 hounds
  4 jellies
  An iguana (D:4)
  6 adders
  A dart slug (D:3)
  An orc (D:3)
  4 ball pythons
  5 bats
  14 endoplasms
  6 hobgoblins
  13 jackals
  A quokka (D:3)
  3 frilled lizards (D:1)
  3 goblins (D:2)
  14 kobolds
  2 rats (D:1)
85 creatures vanquished.

Vanquished Creatures (others)
  A fungus (D:2)
  9 toadstools (D:2)
10 creatures vanquished.

Grand Total: 95 creatures vanquished

Notes
Turn   | Place    | Note
-------+----------+-------------------------------------------
     0 | D:1      | cowcol the Draconian Berserker began the quest for the Orb.
     0 | D:1      | Reached XP level 1. HP: 19/19 MP: 1/1
   219 | D:1      | Reached XP level 2. HP: 26/26 MP: 2/2
  1199 | D:2      | Reached XP level 3. HP: 33/33 MP: 3/3
  1218 | D:2      | Reached ** piety under Trog
  1387 | D:2      | Reached skill level 4 in Axes
  1387 | D:2      | Reached XP level 4. HP: 40/40 MP: 4/4
  1970 | D:3      | Found a faded altar of an unknown god.
  2099 | D:3      | Reached XP level 5. HP: 36/46 MP: 5/5
  2809 | D:4      | Reached skill level 5 in Axes
  2809 | D:4      | Reached skill level 1 in Stealth
  2814 | D:4      | Reached *** piety under Trog
  3449 | D:4      | Reached XP level 6. HP: 53/53 MP: 6/6
  3463 | D:5      | Entered Level 5 of the Dungeon
  3528 | D:5      | Noticed Prince Ribbit
  3553 | D:5      | Killed Prince Ribbit
  3554 | D:5      | Reached skill level 6 in Axes
  3554 | D:5      | Reached skill level 1 in Throwing
  3554 | D:5      | Your scales start taking on a glossy black colour.
  3554 | D:5      | Reached XP level 7. HP: 25/60 MP: 7/7
  3554 | D:5      | Gained mutation: You are resistant to electric shocks.
                  | (rElec) [Black Draconian growth]
  3900 | D:5      | Found Paevot's General Store.
  3903 | D:5      | Bought a scroll of identify for 20 gold pieces
  3903 | D:5      | Bought a scroll of identify for 20 gold pieces
  3916 | D:5      | Found a sparkling altar of Nemelex Xobeh.
  4249 | D:5      | Found a sacrificial altar of Ru.
  4251 | D:5      | Noticed Pikel
  4272 | D:5      | Slain by Pikel

Illustrated notes

Levels and vault maps discovered:
D:1:      zaba_arrival_water, layout_rooms, serial_corexii_hall,
          chequers_hall_statues_wall_a, chequers_hall_statues_y,
          solitary_fountain, nicolae_concentric_dashed_squares_mild
D:2:      cheibrodos_fertilizer, layout_basic
D:3:      minmay_chambers_of_twos, layout_rooms, basic_ecumenical_altar
D:4:      layout_loops_ring
D:5:      layout_basic, mainiacjoe_overflow_small_starburst,
          hangedman_ru_absence, serial_shops, kennysheep_mini,
          uniq_prince_ribbit1, uniq_pikel

Skill      XL: |  1  2  3  4  5  6  7 |
---------------+----------------------+-----
Dodging        | 3 |  3.9
Axes           | 4 5 6 |  6.6
Fighting       | 4 |  4.9
Stealth        | 1 2 |  2.1
Throwing       | 1 |  1.1

Action                   |  1- 3 |  4- 6 |  7- 9 || total
-------------------------+-------+-------+-------++-------
Melee: Hand axe          |    53 |       |       ||    53
       Tailslap          |     8 |     9 |     4 ||    21
       Punch             |     1 |       |     4 ||     5
       Broad axe         |    33 |   107 |    56 ||   196
Throw: Stone             |     8 |    16 |     1 ||    25
Invok: Berserk           |     3 |     1 |       ||     4
  Use: Scroll            |     5 |     1 |       ||     6
       Potion            |       |     1 |     3 ||     4
 Stab: Sleeping          |       |     3 |       ||     3
Armor: Skin              |    39 |    41 |    77 ||   157
Dodge: Dodged            |    71 |    78 |    30 ||   179

Table legend: (Time is in decaauts)
 A = Elapsed time spent in this place.
 B = Non-inter-level travel time spent in this place.
 C = Inter-level travel time spent in this place.
 D = Time resting spent in this place.
 E = Time spent auto-exploring this place.
 F = Levels seen in this place.
 G = Mean time per level.
                   A        B        C        D        E       F      G
               +--------+--------+--------+--------+--------+-----+--------+
         Total |   4409 |   4409 |      0 |    951 |   2280 |   5 |  881.8 |
       Dungeon |   4409 |   4409 |      0 |    951 |   2280 |   5 |  881.8 |
               +--------+--------+--------+--------+--------+-----+--------+

Top non-repeatable levels by time:
     D:2: 1273 daAuts
     D:5: 831 daAuts
     D:4: 785 daAuts
     D:1: 761 daAuts
     D:3: 757 daAuts
